Map: Cyber Forest LE

Players

LiquidTLO (TLO) - Winner!

  • Race: Zerg Zerg
  • League: Grandmaster
  • Spawn Location: 5:00

SouLeer

  • Race: Zerg Zerg
  • League: Master
  • Spawn Location: 11:00

Event: HomeStory Cup XIX

VOD

Have the link to the VOD?

Description

Time

  • Played on: June 27, 2019, 1:19 p.m.
  • Length: 8:01

All games in this series

Show
View Real Time Build Order
Export as new Build Order

LiquidTLO Zerg - Winner!

Build Orders: Hatch First 

Get SALT Encoding   

  12  0:00  Drone  
  13  0:12  Overlord  
  13  0:17  Drone  
  14  0:30  Drone  
  14  0:31  Drone  
  16  0:48  Hatchery  
  15  0:51  Drone  
  15  0:55  Drone  
  17  1:10  Spawning Pool  
  16  1:12  Drone  
  16  1:16  Drone  
  16  1:17  Extractor  
  17  1:21  Drone  
  18  1:29  Drone  
  19  1:40  Overlord  
  19  1:57  Zergling x2, Queen  
  19  1:59  Queen  
  19  2:00  Zergling x2  
  25  2:02  Zergling x2  
  26  2:11  Drone x2  
  28  2:22  Drone x2  
  29  2:32  Overlord  
  29  2:33  Drone  
  30  2:38  Lair  
  30  2:42  Extractor  
  30  2:43  Drone x2  
  31  2:50  Evolution Chamber  
  30  2:55  Drone x2  
  32  3:04  Drone, Roach Warren  
  32  3:06  Drone  
  32  3:09  Drone  
  34  3:13  Drone  
  34  3:15  Drone  
  36  3:21  Zerg Missile Weapons Level 1  
  36  3:23  Drone  
  37  3:28  Drone x2  
  37  3:30  Drone  
  37  3:33  Drone  
  41  3:37  Overlord  
  41  3:43  Glial Reconstitution  
  41  3:48  Overlord  
  41  3:50  Roach  
  45  3:55  Roach  
  45  3:56  Roach  
  45  3:58  Extractor  
  45  3:59  Roach  
  45  4:02  Roach  
  50  4:05  Overlord  
  50  4:09  Roach  
  52  4:11  Overlord  
  52  4:14  Roach  
  55  4:18  Overlord  
  55  4:21  Roach  
  57  4:24  Roach  
  57  4:26  Roach  
  57  4:30  Roach  
  63  4:32  Roach  
  63  4:35  Overlord  
  63  4:38  Roach  
  67  4:41  Roach  
  67  4:45  Roach  
  71  4:46  Roach  
  71  4:48  Roach  
  77  4:53  Roach  
  77  4:55  Roach  
  77  4:57  Roach  
  81  5:01  Overlord  
  81  5:06  Roach x2  
  81  5:09  Roach  
  81  5:10  Extractor  
  80  5:14  Drone, Evolution Chamber  
  80  5:20  Drone x2  
  74  5:21  Overlord  
  74  5:28  Overlord  
  72  5:34  Drone, Zerg Missile Weapons Level 2  
  73  5:38  Drone x2  
  73  5:40  Roach  
  73  5:44  Roach  
  73  5:49  Drone x2  
  77  5:51  Overlord  
  77  5:54  Roach  
  77  5:57  Roach  
  81  6:00  Roach  
  81  6:03  Roach  
  85  6:07  Roach x2  
  85  6:10  Roach  
  91  6:13  Roach  
  91  6:16  Roach  
  95  6:21  Queen  
  95  6:22  Roach  
  99  6:26  Roach  
  99  6:28  Roach  
  99  6:31  Roach  
  105  6:33  Roach  
  105  6:35  Roach  
  105  6:38  Overlord  
  109  6:42  Roach  
  109  6:44  Roach  
  113  6:50  Roach x2  
  113  6:51  Roach  
  119  6:57  Queen  
  119  7:00  Roach  
  123  7:02  Roach  
  123  7:05  Roach  
  123  7:06  Roach  
  129  7:09  Roach  
  129  7:12  Overlord  
  131  7:20  Overlord  
  131  7:23  Overlord  
  131  7:28  Roach  
  131  7:35  Roach  
  135  7:38  Ravager  
  135  7:40  Ravager  
  135  7:42  Ravager, Roach  
  135  7:43  Ravager  
  127  7:48  Ravager  
Show
View Real Time Build Order
Export as new Build Order

SouLeer Zerg 

Build Orders: Pool First 

Get SALT Encoding   

  12  0:00  Drone  
  13  0:12  Overlord  
  13  0:16  Drone  
  14  0:31  Drone x2  
  16  0:41  Spawning Pool  
  15  0:44  Drone  
  15  0:48  Drone  
  17  1:09  Hatchery  
  16  1:17  Extractor  
  15  1:27  Queen  
  15  1:28  Zergling x4  
  20  1:32  Drone  
  20  1:41  Drone  
  21  1:51  Overlord  
  21  2:01  Extractor  
  21  2:02  Drone  
  22  2:09  Queen  
  22  2:12  Drone  
  24  2:24  Drone x2  
  24  2:28  Metabolic Boost  
  26  2:32  Drone, Evolution Chamber  
  26  2:35  Drone x2  
  28  2:37  Drone  
  28  2:40  Drone  
  30  2:46  Drone  
  30  2:49  Drone  
  32  2:58  Overlord  
  31  2:59  Drone  
  31  3:02  Zerg Melee Weapons Level 1  
  31  3:05  Zergling x2  
  33  3:09  Overlord  
  33  3:10  Drone  
  33  3:11  Drone  
  35  3:23  Hatchery  
  34  3:33  Zergling x10  
  39  3:38  Zergling x6  
  42  3:42  Zergling x4  
  42  3:45  Zergling x2  
  42  3:48  Zergling x4  
  47  3:50  Zergling x4  
  49  3:57  Overlord  
  49  3:58  Zergling x2  
  49  4:09  Zergling x4  
  51  4:12  Zergling x2  
  51  4:13  Overlord  
  51  4:16  Zergling x2  
  53  4:20  Zergling x4, Spine Crawler  
  53  4:21  Spine Crawler  
  53  4:30  Zergling x2  
  55  4:36  Zergling x10  
  60  4:41  Overlord  
  60  4:42  Zergling x6  
  63  4:45  Zergling x2  
  63  4:46  Zergling x2  
  65  4:52  Zergling x2  
  65  4:56  Zergling x2  
  66  5:00  Zergling x2  
  66  5:08  Zergling x8  
  66  5:10  Zergling x4  
  68  5:15  Zergling x4  
  68  5:16  Zergling x2  
  68  5:18  Zergling x4  
  68  5:20  Zergling x2  
  66  5:29  Drone x2  
  66  5:33  Drone  
  69  5:35  Queen  
  69  5:36  Drone  
  69  5:37  Drone x2  
  69  5:40  Drone  
  74  5:44  Zergling x2  
  74  5:45  Zergling x2  
  76  5:50  Zergling x2  
  76  5:53  Zergling x4  
  76  5:55  Queen  
  81  5:57  Overlord x2  
  81  6:05  Overlord  
  81  6:13  Overlord  
  81  6:15  Queen  
  81  6:16  Zergling x6  
  81  6:17  Zergling x8  
  85  6:24  Zergling x2  
  86  6:26  Zergling x6  
  86  6:28  Zergling x2  
  86  6:31  Zergling x2  
  91  6:34  Zergling x6  
  91  6:35  Zergling x2  
  95  6:40  Zergling x2  
  95  6:41  Overlord  
  95  6:43  Zergling x6  
  95  6:46  Zergling x2  
  99  6:50  Zergling x2  
  99  6:54  Zergling x8  
  104  6:56  Zergling x2  
  105  7:01  Zergling x2  
  105  7:04  Queen  
  105  7:07  Zergling x4  
  114  7:09  Zergling x2  
  114  7:10  Zergling x2  
  114  7:11  Overlord  
  114  7:14  Zergling x2  
  113  7:17  Zergling x2  
  113  7:22  Overlord  
  110  7:37  Zergling x2  
  110  7:38  Zergling x14  
  110  7:40  Zergling x6  
Tags
 
Add a new tag
Caveats
  • Supply blocks, unpowered buildings, or Contaminate may cause inaccurate times.
  • Supply counts are checked every 10 seconds.